 Dungeon Crawl Stone Soup version 0.28-a0-1444-g6c55d0bc0c (webtiles) character file.

Game seed: 1193443384560239779

179 Deminshera the Caller (level 5, 0/45 HPs)
             Began as an Ogre Summoner on Jan 10, 2022.
             Slain by a phantom (6 damage)
             ... on level 4 of the Dungeon.
             The game lasted 00:04:25 (5194 turns).

Deminshera the Caller (Ogre Summoner)               Turns: 5194, Time: 00:04:25

Health: 0/45       AC:  4    Str: 12    XL:     5   Next: 59%
Magic:  11/20      EV:  9    Int: 24    God:
Gold:   197        SH:  0    Dex:  9    Spells: 2/12 levels left

rFire   . . .      SeeInvis .   e - staff of poison
rCold   . . .      Faith    .   (no shield)
rNeg    . . .      Spirit   .   a - +0 robe
rPois   +          Reflect  .   (helmet restricted)
rElec   .          Harm     .   n - +0 cloak
rCorr   .          Rampage  .   (gloves unavailable)
Will    .....                   (boots unavailable)
Stlth   +.........              (no amulet)
HPRegen 0.15/turn               f - ring of magical power
MPRegen 0.17/turn               g - +6 ring of intelligence

@: no status effects
A: large, unfitting armour, tough skin 1
a: no special abilities


You were on level 4 of the Dungeon.
You visited 1 branch of the dungeon, and saw 4 of its levels.

You collected 197 gold pieces.

Inventory:

Armour
 a - a +0 robe (worn)
 n - a +0 cloak (worn)
Magical Staves
 e - a staff of poison (weapon)
Jewellery
 b - a ring of flight
 f - a ring of magical power (left hand)
 g - a +6 ring of intelligence (right hand)
Scrolls
 i - a scroll of summoning {unknown}
 k - a scroll of identify {unknown}
 l - a scroll of teleportation {unknown}
Potions
 c - 2 potions of haste {unknown}
 d - 2 potions of magic {unknown}
 h - 2 potions of heal wounds {unknown}
 j - a potion of curing {unknown}
 m - a potion of resistance {unknown}
 o - a potion of brilliance {unknown}


   Skills:
 - Level 1.7 Dodging
 - Level 1.4 Stealth
 + Level 4.4 Spellcasting
 + Level 4.8 Summonings
 + Level 1.4 Air Magic


You had 2 spell levels left.
You knew the following spells:

 Your Spells              Type           Power      Damage    Failure   Level
a - Summon Small Mammal   Summ           100%       N/A       1%          1
b - Call Imp              Summ           28%        N/A       1%          2
c - Call Canine Familiar  Summ           28%        N/A       3%          3
d - Summon Lightning Spi  Summ/Air       20%        N/A       26%         4

Your spell library contained the following spells:

 Spells                   Type           Power      Damage    Failure   Level
 Shock                    Conj/Air       32%        1d5       7%          1
 Summon Guardian Golem    Hex/Summ       16%        N/A       11%         3
 Orb of Destruction       Conj           2%         9d1       100%        7
 Spellforged Servitor     Conj/Summ      8%         N/A       100%        7


Dungeon Overview and Level Annotations

Branches:
Dungeon (4/15)
 Temple: D:4-7

Altars:
Elyvilon
Gozag

Shops:
D:2 [


Innate Abilities, Weirdness & Mutations

You are too large for most types of armour.
You have tough skin. (AC +1)


Message History

You closely miss the phantom.
The phantom is lightly damaged.
The phantom hits you!
You hit the phantom but do no damage.
The phantom is lightly damaged.
The phantom hits you.
The phantom blinks!
You blink.
You hit the phantom.
The phantom is lightly damaged.
The phantom hits you.
You closely miss the phantom.
The phantom is lightly damaged.
The phantom barely misses you.
You hit the phantom.
The phantom is moderately damaged.
Your hound closely misses the phantom.
The phantom hits you but does no damage.
Your hound bites the phantom.
The phantom hits you!
* * * LOW HITPOINT WARNING * * *
You hit the phantom.
The phantom is moderately damaged.
Your hound bites the phantom.
The phantom barely misses your hound.
Your hound bites the phantom.
You hit the phantom.
The phantom is severely damaged.
Your hound barely misses the phantom.
The phantom hits you.
* * * LOW HITPOINT WARNING * * *
The phantom blinks!
You blink.
Casting: Call Imp (safe; 1% risk of failure)
Confirm with . or Enter, or press ? or * to list all spells.
Your hound disappears in a puff of smoke!
The phantom barely misses you.
The phantom hits you but does no damage.
Your hound closely misses the phantom. x2
Your hound barely misses the phantom.
Casting: Call Canine Familiar (dangerous; 3% risk of failure)
Confirm with . or Enter, or press ? or * to list all spells.
A beastly little devil appears in a puff of flame.
Your white imp disappears in a puff of smoke!
The phantom hits you.
You die...

#..............#.#.#
####...........#.#.#
#...........#.#.###
#.........).#.§h.(#
#...........#.#.#.#
#..###.######.#.#.#
#..# #.# ###h###..
#..# #.# ##..W..##.#
#..# #.# #.8.@.8.#.#
#..# #.# #.......#.#
#..# #.#.....5.....#
#..# #.#.#.......###
#..# #...#.8...8.#
## ##.....## ###.###
..#


You could see a phantom (ally target), a friendly hound (summoned) and a
friendly crimson imp (summoned).

Vanquished Creatures
  2 adders
  A dart slug (D:1)
  4 endoplasms
  A giant cockroach (D:3)
  A goblin (D:2)
  4 hobgoblins
  4 kobolds
  3 ball pythons
  3 frilled lizards
  3 rats
26 creatures vanquished.

Vanquished Creatures (collateral kills)
  2 orc priests (D:3)
  2 adders (D:3)
  2 worms (D:2)
  4 dart slugs
  3 orcs (D:3)
  5 ball pythons
  4 endoplasms
  2 giant cockroaches (D:3)
  2 hobgoblins
  A jackal (D:3)
  2 quokkas
  5 bats
  2 frilled lizards
  5 kobolds
  A rat (D:2)
42 creatures vanquished.

Grand Total: 68 creatures vanquished

Notes
Turn   | Place    | Note
-------+----------+-------------------------------------------
     0 | D:1      | Deminshera the Ogre Summoner began the quest for the Orb.
     0 | D:1      | Reached XP level 1. HP: 16/16 MP: 3/3
   219 | D:1      | Reached XP level 2. HP: 10/24 MP: 2/5
   438 | D:1      | Learned a level 2 spell: Call Imp
   947 | D:1      | Found a faded altar of an unknown god.
   955 | D:1      | Got Plato's Tome of Lightness
  1398 | D:1      | Reached XP level 3. HP: 25/31 MP: 4/7
  2021 | D:2      | Learned a level 3 spell: Call Canine Familiar
  2643 | D:2      | Found Acheteb's Antique Armour Boutique.
  2835 | D:2      | Found a white marble altar of Elyvilon.
  2903 | D:2      | Reached XP level 4. HP: 39/39 MP: 9/9
  3495 | D:3      | Learned a level 4 spell: Summon Lightning Spire
  4591 | D:3      | Reached skill level 1 in Air Magic
  4591 | D:3      | Reached XP level 5. HP: 27/45 MP: 11/11
  5171 | D:4      | Found an opulent altar of Gozag.
  5171 | D:4      | Noticed a phantom
  5194 | D:4      | Slain by a phantom

Illustrated notes

Levels and vault maps discovered:
D:1:      dpeg_arrival_simpleton_a, layout_basic,
          shapermc_ecumenical_altar_rom_forum, nicolae_figureground_pulse
D:2:      layout_loops_ring, basic_altar, serial_shops, shop, kennysheep_potato
D:3:      layout_loops_corners, grunt_decor_arrowhead, minmay_circle_x
D:4:      kennysheep_six_static_rooms, layout_basic, grunt_gozag_statues,
          fedhas_altar_4, temple_green, item_on_display_a, uniq_eustachio

Skill      XL: |  1  2  3  4 |
---------------+-------------+-----
Spellcasting   | 3 4 |  4.4
Summonings     | 4 |  4.8
Air Magic      | 1 |  1.4
Dodging        | |  1.7
Stealth        | |  1.4

Action                   |  1- 3 |  4- 6 || total
-------------------------+-------+-------++-------
Melee: Unarmed           |    39 |       ||    39
       Staff             |    73 |    85 ||   158
       Punch             |     1 |       ||     1
 Cast: Summon Small Mamm |     9 |       ||     9
       Call Imp          |    14 |     9 ||    23
       Call Canine Famil |     9 |    13 ||    22
 Stab: Sleeping          |     3 |       ||     3
       Distracted        |     1 |     1 ||     2
Armor: Robe              |    50 |    55 ||   105
Dodge: Dodged            |    70 |    72 ||   142

Table legend: (Time is in decaauts)
 A = Elapsed time spent in this place.
 B = Non-inter-level travel time spent in this place.
 C = Inter-level travel time spent in this place.
 D = Time resting spent in this place.
 E = Time spent auto-exploring this place.
 F = Levels seen in this place.
 G = Mean time per level.
                   A        B        C        D        E       F      G
               +--------+--------+--------+--------+--------+-----+--------+
         Total |   5222 |   5136 |     86 |   1411 |   3107 |   4 | 1305.5 |
       Dungeon |   5222 |   5136 |     86 |   1411 |   3107 |   4 | 1305.5 |
               +--------+--------+--------+--------+--------+-----+--------+

Top non-repeatable levels by time:
     D:3: 1837 daAuts
     D:2: 1796 daAuts
     D:1: 1476 daAuts
     D:4: 112 daAuts
